AoeStats
← 白鹿城拉车车

Arena

507961838Analyzed
4v4 RM · 11d ago on Sep 20, 2026· 31m 13s· 8 players
Game mode
Random Map
Map size
Large (8 player)
Population
200
Speed
Normal
Resources
Standard
Victory
Conquest
Starting age
Dark Age
Ending age
Imperial Age
RankedLock teamsTeams togetherTeam positionsShared explorationLock speedFull tech treeHidden civsTurbo modeCheats
Victory
Defeat
🇭🇰 Turks · Hong Kong SAR China
1458
+10
🇦🇿 Poles · Azerbaijan
1429
+11
🇭🇰 Persians · Hong Kong SAR China
1419
+12
🇨🇳 Britons · China
1364
+14
🇩🇪 Persians · Germany
1432
-16
🇳🇱 Spanish · Netherlands
1332
-12
🇨🇳 Cumans · China
1280
-10
🇩🇪 Huns · Germany
1249
-9
白鹿城拉车车
10:12 Feudal Age
14:09 Castle Age
12:59 Double-Bit Axe
13:25 Loom
13:40 Horse Collar
16:44 Bow Saw
19:33 Fletching
20:52 Padded Archer Armor
22:05 Bodkin Arrow
24:16 Wheelbarrow
25:14 Leather Archer Armor
26:49 Ballistics
33:04 Imperial Age
30:24 Town Watch
我放了个屁她顺风追了
11:25 Feudal Age
15:20 Castle Age
13:11 Horse Collar
13:46 Double-Bit Axe
15:45 Wheelbarrow
17:13 Bow Saw
17:32 Heavy Plow
22:17 Hand Cart
23:17 Loom
26:56 Imperial Age
25:00 Gold Mining
25:50 Szlachta Privileges
26:34 Forging
26:30 Scale Barding Armor
26:46 Bloodlines
26:37 Husbandry
28:02 Iron Casting
28:02 Conscription
27:27 Cavalier
30:43 Chain Barding Armor
32:01 Blast Furnace
LinG寶寶
12:26 Feudal Age
13:02 Double-Bit Axe
15:50 Castle Age
13:39 Horse Collar
16:29 Bow Saw
19:14 Scale Barding Armor
20:42 Wheelbarrow
22:47 Hand Cart
23:00 Loom
23:06 Gold Mining
24:08 Bloodlines
24:38 Forging
27:24 Gold Shaft Mining
27:32 Stone Mining
28:29 Heavy Plow
31:26 Imperial Age
29:47 Town Watch
30:08 Husbandry
30:30 Chain Barding Armor
30:46 Iron Casting
30:46 Coinage
屌炸天
10:13 Feudal Age
12:25 Double-Bit Axe
14:44 Castle Age
17:46 Loom
24:18 Gold Mining
24:12 Horse Collar
30:35 Imperial Age
30:54 Bow Saw
orangefaser
9:59 Feudal Age
16:18 Castle Age
14:14 Double-Bit Axe
14:56 Horse Collar
17:16 Bow Saw
17:08 Heavy Plow
20:10 Wheelbarrow
21:20 Gold Mining
23:29 Gold Shaft Mining
24:10 Loom
25:14 Fletching
25:30 Scale Barding Armor
25:36 Forging
30:00 Bloodlines
30:38 Chain Barding Armor
sauer82
10:40 Feudal Age
15:15 Castle Age
13:11 Double-Bit Axe
14:24 Horse Collar
21:44 Loom
25:50 Bloodlines
26:32 Husbandry
26:33 Fletching
27:26 Stone Mining
28:53 Bodkin Arrow
29:39 Padded Archer Armor
30:41 Wheelbarrow
31:05 Ballistics
RogerV
10:36 Feudal Age
14:45 Castle Age
14:09 Double-Bit Axe
16:58 Horse Collar
18:48 Bow Saw
23:04 Loom
26:21 Imperial Age
25:25 Gold Mining
26:54 Wheelbarrow
26:39 Inquisition
28:22 Conscription
JustShutUpandCarryMe
11:11 Feudal Age
11:27 Man-at-Arms
12:22 Double-Bit Axe
14:04 Scale Mail Armor
14:17 Loom
17:52 Town Watch
18:33 Gold Mining
22:25 Forging
22:29 Horse Collar
27:04 Castle Age
27:43 Wheelbarrow
28:15 Bow Saw
28:24 Stone Mining
33:26 Imperial Age
Connection lost

Rejoining the realm…

Still unreachable

The connection could not be restored.

Session expired

The server has moved on; the page needs a fresh start.